 Dungeon Crawl Stone Soup version 0.19-a0-231-gae044c8 (webtiles) character file.

58 epen the Skirmisher (level 3, 0/43 HPs)
             Began as a Demonspawn Abyssal Knight on May 24, 2016.
             Was a Believer of Lugonu.
             Succumbed to an adder's poison
             ... on level 3 of the Dungeon.
             The game lasted 00:02:05 (1509 turns).

epen the Skirmisher (Demonspawn Abyssal Knight)     Turns: 1509, Time: 00:02:06

Health: 0/43       AC:  5    Str: 18    XL:     3   Next: 75%
Magic:  5/5        EV: 11    Int: 13    God:    Lugonu [**....]
Gold:   36         SH:  0    Dex: 12    Spells: 0 memorised, 2 levels left

rFire  . . .     SeeInvis .     a - +1 falchion
rCold  . . .     Gourm    .     b - +0 leather armour
rNeg   . . .     Faith    .     (no shield)
rPois  .         Spirit   .     (helmet restricted)
rElec  .         Dismiss  .     (no cloak)
rCorr  .         Reflect  .     (no gloves)
SustAt .         Harm     .     (no boots)
MR     .....                    k - amulet of magic regeneration
Stlth  ..........               (no ring)
                                (no ring)

@: berserking, lethally poisoned (0 -> -3), very quick, not resistant to hostile
enchantments, extremely unstealthy
A: horns 1, slimy green scales 1, powered by pain 1, regeneration 1
a: Depart the Abyss, Bend Space, Renounce Religion


You were on level 3 of the Dungeon.
You worshipped Lugonu.
Lugonu was pleased with you.
You were not hungry.

You visited 1 branch of the dungeon, and saw 3 of its levels.
You visited the Abyss 1 time.

You collected 36 gold pieces.

Inventory:

Hand Weapons
 a - a +1 falchion (weapon)
Armour
 b - a +0 leather armour (worn)
 n - a cursed -2 helmet
Jewellery
 g - an uncursed ring of protection from fire {unknown}
 k - an amulet of magic regeneration (around neck)
Scrolls
 d - a scroll of remove curse {unknown}
 e - 5 scrolls of identify {unknown}
 h - 2 scrolls of enchant armour {unknown}
 l - 2 scrolls of recharging {unknown}
 s - a scroll of enchant weapon {unknown}
Potions
 f - a potion of curing {unknown}
 i - a potion of flight {unknown}
 j - a potion of mutation
 m - a potion of brilliance {unknown}
 o - a potion of magic {unknown}
 p - 4 potions of haste {unknown}
 q - 3 potions of agility {unknown}
 r - a potion of might {unknown}
 u - 2 potions of berserk rage
Comestibles
 c - 2 bread rations
 t - a slice of pizza
 v - a beef jerky


   Skills:
 + Level 3.3 Fighting
 * Level 2.7 Long Blades
 + Level 2.1 Armour
 + Level 1.3 Dodging
 * Level 3.1 Invocations


You had 2 spell levels left.
You didn't know any spells.

Dungeon Overview and Level Annotations

Branches:
Dungeon (3/15)

Altars:
Sif Muna


Innate Abilities, Weirdness & Mutations

You are partially covered in slimy green scales. (AC +2)
You sometimes gain a little power by taking damage.
You have a pair of small horns on your head.
Your natural rate of healing is unusually fast.


Message History

* * * LOW HITPOINT WARNING * * *
You feel sick.
* * * LOW HITPOINT WARNING * * *
You feel sick. The adder closely misses you.
Drink which item? (? for menu, Esc to quit)
Okay, then.
Drink which item? (? for menu, Esc to quit)
It was a potion of berserk rage.
A red film seems to cover your vision as you go berserk!
You feel yourself moving faster!
You feel mighty!
* * * LOW HITPOINT WARNING * * *
You feel sick. The adder barely misses you.
The adder bites you but does no damage.
You closely miss the adder. You headbutt the adder.
You kill the adder!
Lugonu accepts your kill. The adder bites you.
* * * LOW HITPOINT WARNING * * *
You closely miss the adder.
You die...

#... #
#...#####..#
# #.......%#.
#.
#...###....
#.#####.....#
...#...###.#
#.#.### #..S#
##@## #.# #.#
#.# #.#
#.#####
#.'...#
#.#...##
#.##..≈#


You could see an adder.

Vanquished Creatures
  2 adders
  A worm (D:2)
  2 dart slugs (D:1)
  2 bats
  2 giant cockroaches (D:1)
  5 goblins (D:1)
  3 hobgoblins
  2 jackals (D:1)
  6 kobolds
  4 giant newts
  4 rats
33 creatures vanquished.

Notes
Turn   | Place    | Note
--------------------------------------------------------------
     0 | Abyss:1  | epen the Demonspawn Abyssal Knight began the quest for the Orb.
     0 | Abyss:1  | Reached XP level 1. HP: 18/18 MP: 2/2
    25 | D:1      | Escaped the Abyss
    52 | D:1      | Reached skill level 1 in Dodging
   175 | D:1      | Gained mutation: You are partially covered in slimy green scales. (AC +2) [demonic ancestry]
   175 | D:1      | Reached XP level 2. HP: 24/24 MP: 4/4
   508 | D:1      | Reached ** piety under Lugonu
   622 | D:1      | Gained mutation: You sometimes gain a little power by taking damage. [demonic ancestry]
   622 | D:1      | Reached XP level 3. HP: 24/29 MP: 5/5
  1487 | D:3      | Found a deep blue altar of Sif Muna.
  1497 | D:3      | Gained mutation: Your natural rate of healing is unusually fast. [potion of mutation]
  1497 | D:3      | Gained mutation: You have a pair of small horns on your head. [potion of mutation]
  1508 | D:3      | HP: 1/43 [adder (3)]
  1509 | D:3      | Succumbed to an adder's poison

Vault maps used:
D:1:      dpeg_arrival_tiny_j
D:3:      minitemple, kennysheep_nondescript, uniq_grinder

Skill      XL: |  1  2  3 |
---------------+----------+-----
Dodging        | 1 |  1.3
Long Blades    | 2 |  2.7
Armour         | 2 |  2.1
Invocations    | 3 |  3.1
Fighting       | |  3.3

Action                   || total
-------------------------++-------
Melee: Falchion          ||   130
       Headbutt          ||     1
  Use: Potion            ||     2
  Eat: Chunk             ||     2
Armor: Leather armour    ||    41
Dodge: Dodged            ||    74
